 Dungeon Crawl Stone Soup version 0.19.5 (webtiles) character file.

367 LORDOFBUTT the Chopper (level 6, -16/51 HPs)
             Began as a Minotaur Berserker on May 11, 2017.
             Was an Elder of Trog.
             Demolished by Ijyb
             ... wielding a +2 dagger of electrocution
              (19 damage)
             ... on level 3 of the Dungeon.
             The game lasted 00:03:00 (2606 turns).

LORDOFBUTT the Chopper (Minotaur Berserker)         Turns: 2606, Time: 00:03:00

Health: -16/51     AC:  9    Str: 24    XL:     6   Next: 41%
Magic:  5/5        EV: 10    Int:  4    God:    Trog [****..]
Gold:   157        SH:  0    Dex:  9    Spells: 0 memorised, 5 levels left

rFire  . . .     SeeInvis .     a - +0 hand axe
rCold  . . .     Gourm    .     o - +0 chain mail
rNeg   . . .     Faith    .     (no shield)
rPois  .         Spirit   .     (helmet restricted)
rElec  .         Reflect  .     (no cloak)
rCorr  .         Harm     .     (no gloves)
MR     .....                    (no boots)
Stlth  ..........               (no amulet)
                                (no ring)
                                (no ring)

@: no status effects
A: retaliatory headbutt, horns 2
a: Berserk, Trog's Hand, Brothers in Arms, Burn Spellbooks, Renounce Religion


You were on level 3 of the Dungeon.
You worshipped Trog.
Trog was greatly pleased with you.
You were not hungry.

You visited 1 branch of the dungeon, and saw 3 of its levels.

You collected 157 gold pieces.

Inventory:

Hand Weapons
 a - a +0 hand axe (weapon)
Armour
 o - a +0 chain mail (worn)
Jewellery
 k - an uncursed amulet of guardian spirit {unknown}
Scrolls
 e - 5 scrolls of remove curse {unknown}
 f - a scroll of magic mapping {unknown}
 h - a scroll of enchant armour {unknown}
 j - a scroll of recharging {unknown}
 m - 2 scrolls of identify {unknown}
 p - a scroll of fear {unknown}
 s - a scroll of enchant weapon {unknown}
Potions
 b - a potion of magic {unknown}
 d - a potion of haste {unknown}
 g - a potion of agility {unknown}
 l - 2 potions of curing {unknown}
 q - a potion of mutation {unknown}
 r - a potion of ambrosia {unknown}
Comestibles
 c - 3 bread rations
 i - a slice of pizza
 n - 2 beef jerkies
 t - a royal jelly
 u - 8 chunks of flesh


   Skills:
 - Level 3.6 Fighting
 * Level 6.4 Axes
 + Level 3.8 Armour
 * Level 5.0 Dodging


You had 5 spell levels left.
You didn't know any spells.

Dungeon Overview and Level Annotations

Branches:
Dungeon (3/15)

Altars:
Kikubaaqudgha
Makhleb
Xom

Annotations:
D:3 1 runed door, Ijyb


Innate Abilities, Weirdness & Mutations

You reflexively headbutt those who attack you in melee.
You have a pair of horns on your head.


Message History

You are too injured to fight recklessly!
You barely miss Ijyb.
Ijyb is almost dead.
Ijyb barely misses you.
You hit Ijyb but do no damage.
Ijyb is almost dead.
Ijyb hits you with a dagger of electrocution.
* * * LOW HITPOINT WARNING * * *
You closely miss Ijyb.
Ijyb is almost dead.
Ijyb hits you but does no damage.
You hit Ijyb. Your headbutt misses Ijyb.
Ijyb is almost dead.
Ijyb screams, "Me stronger than you!" Ijyb hits you but does no damage.
You are electrocuted!
* * * LOW HITPOINT WARNING * * *
You closely miss Ijyb.
Ijyb is almost dead.
Ijyb hits you but does no damage.
You are electrocuted!
You die...

################
#......#.).#..≈≈##
#.....('...'..≈≈≈#
#......#...#..≈≈≈##
#''##..#########≈≈#
#.@.#..)...(...#≈≈)
#)g.#.(.(.(....'...
#...#)...).....')..
#...#[...).....'...
#...#..........#≈≈#
#...#..#########≈≈#
#...#..#...#..≈≈≈((
##'##..'...'..≈≈≈#.
#####...#..≈≈##.


You could see Ijyb.

Vanquished Creatures
  The ghost of erezeth the Sneak, an amateur SpEn (D:3)
  An orc priest (D:3)
  2 orc wizards (D:3)
  Robin (D:2)
  3 gnolls (D:2)
  7 adders
  2 worms (D:2)
  4 dart slugs
  3 leopard geckos
  7 orcs (D:3)
  8 bats
  4 giant cockroaches
  29 goblins
  8 hobgoblins
  6 jackals
  2 ball pythons
  A frilled lizard (D:1)
  4 kobolds
  2 rats (D:1)
95 creatures vanquished.

Notes
Turn   | Place    | Note
-------+----------+-------------------------------------------
     0 | D:1      | LORDOFBUTT the Minotaur Berserker began the quest for the Orb.
     0 | D:1      | Reached XP level 1. HP: 19/19 MP: 0/0
   148 | D:1      | Reached skill level 4 in Axes
   148 | D:1      | Reached XP level 2. HP: 26/26 MP: 1/1
   200 | D:1      | Reached ** piety under Trog
   241 | D:1      | Reached XP level 3. HP: 11/31 MP: 2/2
  1037 | D:2      | Noticed Robin
  1040 | D:2      | Reached XP level 4. HP: 30/39 MP: 3/3
  1046 | D:2      | Killed Robin
  1046 | D:2      | Reached skill level 5 in Axes
  1426 | D:2      | Reached *** piety under Trog
  1426 | D:2      | Reached XP level 5. HP: 43/45 MP: 4/4
  1518 | D:2      | Found a burning altar of Makhleb.
  1520 | D:2      | Noticed an Executioner
  1574 | D:2      | Found an ancient bone altar of Kikubaaqudgha.
  1574 | D:2      | Found a shimmering altar of Xom.
  1845 | D:3      | Noticed erezeth's ghost (amateur SpEn)
  1879 | D:3      | Killed erezeth's ghost
  1879 | D:3      | Reached skill level 6 in Axes
  1879 | D:3      | Reached XP level 6. HP: 37/51 MP: 5/5
  2212 | D:3      | Found a runed door.
  2536 | D:3      | Reached skill level 5 in Dodging
  2585 | D:3      | Noticed Ijyb
  2589 | D:3      | Reached **** piety under Trog
  2606 | D:3      | Demolished by Ijyb

Skill      XL: |  1  2  3  4  5  6 |
---------------+-------------------+-----
Axes           | 4 5 6 |  6.4
Dodging        | 3 4 5 |  5.0
Armour         | 3 |  3.8
Fighting       | |  3.6

Action                   |  1- 3 |  4- 6 || total
-------------------------+-------+-------++-------
Melee: Hand axe          |    70 |   164 ||   234
       Headbutt          |    12 |    21 ||    33
Invok: Berserk           |       |     2 ||     2
 Stab: Sleeping          |     1 |       ||     1
  Eat: Chunk             |       |     8 ||     8
Armor: Animal skin       |    10 |       ||    10
       Chain mail        |     4 |    84 ||    88
Dodge: Dodged            |    59 |    77 ||   136
